 Dungeon Crawl Stone Soup version 0.27-a0-1332-g84bddb5ca7 (webtiles) character file.

Game seed: 4850173788648481777

251 dickylongcocking the Magician (level 6, 0/46 HPs)
             Began as a Djinni Fire Elementalist on June 25, 2021.
             Killed by miscasting Sticky Flame (4 damage)
             ... on level 5 of the Dungeon.
             The game lasted 00:03:07 (6163 turns).

dickylongcocking the Magician (DjFE)                Turns: 6163, Time: 00:03:07

Health: 0/46       AC:  2    Str:  7    XL:     6   Next: 36%
Gold:   208        EV: 12    Int: 18    God:
                   SH:  0    Dex: 14

rFire    + + .     SeeInvis .   q - +0 morningstar
rCold    x . .     Faith    .   (no shield)
rNeg     . . .     Spirit   .   a - +0 robe
rPois    ∞         Reflect  .   (no helmet)
rElec    .         Harm     .   (no cloak)
rCorr    .         Rampage  .   (no gloves)
Will     .....                  (boots unavailable)
Stlth    ++........             (no amulet)
HPRegen  0.15/turn              (no ring)
MPRegen  0.00/turn              (no ring)

@: flying, very slightly contaminated
A: sickness immunity, fire resistance 2, cold vulnerability 1, float, innate
caster, hp casting, extra vitality 1
a: no special abilities


You were on level 5 of the Dungeon.
You visited 1 branch of the dungeon, and saw 5 of its levels.

You collected 208 gold pieces.

Inventory:

Hand Weapons
 d - a +0 dagger
 h - a +0 hand axe of freezing
 q - a +0 morningstar (weapon)
Armour
 a - a +0 robe (worn)
Wands
 n - a wand of paralysis (9)
Scrolls
 c - 2 scrolls of identify {unknown}
 g - a scroll of enchant weapon {unknown}
 i - a scroll of summoning {unknown}
 j - 3 scrolls of teleportation {unknown}
 l - a scroll of torment {unknown}
 m - a scroll of vulnerability {unknown}
 p - a scroll of immolation {unknown}
Potions
 b - a potion of ambrosia {unknown}
 e - a potion of flight {unknown}
 o - a potion of attraction {unknown}


   Skills:
 * Level 3.4 Fighting
 - Level 2.3 Dodging
 - Level 1.6 Stealth
 * Level 4.2 Spellcasting


You couldn't memorise any spells.
You knew the following spells:

 Your Spells              Type           Power      Damage    Failure   Level
a - Foxfire               Conj/Fire      72%        2x1d7     2%          1
b - Conjure Flame         Conj/Fire      18%        6-21      8%          3
c - Inner Flame           Hex/Fire       18%        N/A       8%          3
d - Sticky Flame          Conj/Fire      18%        2d4       26%         4
e - Fireball              Conj/Fire      9%         3d6       56%         5
f - Pain                  Necr           72%        1d7       2%          1
g - Call Imp              Summ           18%        N/A       3%          2
Your spell library was empty.

Dungeon Overview and Level Annotations

Branches:
Dungeon (5/15)
 Temple: D:4-7

Altars:
Elyvilon


Innate Abilities, Weirdness & Mutations

You are immune to sickness and miasma.
You are immune to poison.
Your flesh is very heat resistant. (rF++)
You are vulnerable to cold. (rC-)
You float through the air rather than walking.
You learn spells naturally, not from books.
Your magical power is your life essence.
You have superior vitality. (+4 HP)


Message History

Casting: Foxfire (safe; 2% risk of failure)
Confirm with . or Enter, or press ? or * to list all spells.
Okay, then.
Casting: Foxfire (safe; 2% risk of failure)
Confirm with . or Enter, or press ? or * to list all spells.
The spell is quite dangerous to cast (26% risk of failure)!
Continue anyway?
Aiming: Sticky Flame (quite dangerous; 26% risk of failure)
Press: ? - help, Shift-Dir - straight line, f - ice beast
Aim: an ice beast (moderately wounded, 100% to hit)
You miscast Sticky Flame.
You are very lightly contaminated with residual magic.
Nothing appears to happen.
* * * LOW HITPOINT WARNING * * *
The ice beast barely misses you.
Unknown command.
Unknown command.
Unknown command.
Found a scroll labelled GUFIHOYCEL.
You feel better. The ice beast hits you. The ice beast freezes you!
You feel a terrible chill!
* * * LOW HITPOINT WARNING * * *
Unknown command.
Sorry, you're not good enough to have a special ability.
Unknown command.
It was a potion of heal wounds.
You feel much better. The ice beast hits you. The ice beast freezes you!
You feel a terrible chill!
* * * LOW HITPOINT WARNING * * *
Casting: Sticky Flame (quite dangerous; 26% risk of failure)
Confirm with . or Enter, or press ? or * to list all spells.
The spell is quite dangerous to cast (26% risk of failure)!
Continue anyway?
Okay, then.
Okay, then.
Casting: Sticky Flame (quite dangerous; 26% risk of failure)
Confirm with . or Enter, or press ? or * to list all spells.
The spell is quite dangerous to cast (26% risk of failure)!
Continue anyway?
Aiming: Sticky Flame (quite dangerous; 26% risk of failure)
Press: ? - help, Shift-Dir - straight line, f/p - ice beast
Aim: an ice beast (lightly wounded, 100% to hit)
You miscast Sticky Flame.
Sparks fly from your hands. You resist.
You die...

##########
?......@.#
########Y# #.#
###[###
#.....#
#.#.#.#
#.#.#.# .
..#.#.# ..
##########.#.#


You could see an ice beast.

Vanquished Creatures
  3 hounds
  A bullfrog skeleton (D:5)
  An iguana (D:5)
  A hound skeleton (D:3)
  2 adders
  A white imp (D:3)
  2 worms
  A dart slug (D:3)
  11 orcs
  7 bats
  2 endoplasms
  6 goblins
  7 hobgoblins
  3 quokkas
  6 ball pythons
  A frilled lizard (D:2)
  2 kobolds
  3 rats
60 creatures vanquished.

Vanquished Creatures (others)
  312 foxfires
312 creatures vanquished.

Grand Total: 372 creatures vanquished

Notes
Turn   | Place    | Note
-------+----------+-------------------------------------------
     0 | D:1      | dickylongcocking the Djinni Fire Elementalist began the
                  | quest for the Orb.
     0 | D:1      | Reached XP level 1. HP: 15/15 MP: 0/0
   463 | D:1      | Reached XP level 2. HP: 18/21 MP: 0/0
  1157 | D:1      | Reached skill level 3 in Spellcasting
  1351 | D:1      | Reached XP level 3. HP: 22/25 MP: 0/0
  1351 | D:1      | Learned a level 1 spell: Pain
  1923 | D:1      | Found a faded altar of an unknown god.
  3129 | D:2      | Reached skill level 1 in Fighting
  3129 | D:2      | Reached XP level 4. HP: 30/32 MP: 0/0
  4147 | D:4      | Reached XP level 5. HP: 8/38 MP: 0/0
  4147 | D:4      | Learned a level 2 spell: Call Imp
  4800 | D:4      | Found a white marble altar of Elyvilon.
  5567 | D:5      | Entered Level 5 of the Dungeon
  5612 | D:5      | Reached skill level 4 in Spellcasting
  5612 | D:5      | Reached XP level 6. HP: 13/46 MP: 0/0
  6151 | D:5      | Noticed an ice beast
  6163 | D:5      | Killed by miscasting Sticky Flame

Illustrated notes

Levels and vault maps discovered:
D:1:      dpeg_arrival_central, layout_loops_ring,
          shapermc_ecumenical_altar_mp_urbaneastern, minmay_tripent
D:2:      layout_basic, grunt_ministairs_15
D:3:      layout_rooms, kennysheep_nub
D:4:      layout_basic, kennysheep_little_box
D:5:      layout_basic

Skill      XL: |  1  2  3  4  5 |
---------------+----------------+-----
Spellcasting   | 3 4 |  4.2
Fighting       | 1 2 3 |  3.4
Dodging        | |  2.3
Stealth        | |  1.6

Action                   |  1- 3 |  4- 6 || total
-------------------------+-------+-------++-------
Melee: Unarmed           |     3 |       ||     3
       Dagger            |    11 |       ||    11
       Hand axe          |       |    12 ||    12
       Morningstar       |       |     1 ||     1
 Cast: Foxfire           |   127 |    82 ||   209
       Sticky Flame      |       |     4 ||     4
       Inner Flame       |       |     1 ||     1
  Use: Potion            |       |     6 ||     6
 Stab: Sleeping          |     1 |       ||     1
Armor: Robe              |     2 |     4 ||     6
Dodge: Dodged            |    20 |    29 ||    49

Table legend: (Time is in decaauts)
 A = Elapsed time spent in this place.
 B = Non-inter-level travel time spent in this place.
 C = Inter-level travel time spent in this place.
 D = Time resting spent in this place.
 E = Time spent auto-exploring this place.
 F = Levels seen in this place.
 G = Mean time per level.
                   A        B        C        D        E       F      G
               +--------+--------+--------+--------+--------+-----+--------+
         Total |   6152 |   6062 |     90 |    619 |   4968 |   5 | 1230.4 |
       Dungeon |   6152 |   6062 |     90 |    619 |   4968 |   5 | 1230.4 |
               +--------+--------+--------+--------+--------+-----+--------+

Top non-repeatable levels by time:
     D:1: 2140 daAuts
     D:4: 1447 daAuts
     D:2: 1117 daAuts
     D:3: 850 daAuts
     D:5: 596 daAuts
